 Dungeon Crawl Stone Soup version 0.26.1-2-gb8aa6d0cf2 (webtiles) character file.

Game seed: 14619856998338976966

7744 pkoi the Grappler (level 11, -2/107 HPs)
             Began as a Troll Monk on Feb 27, 2021.
             Was a High Priest of Ru.
             Slain by a hornet (12 damage)
             ... while paralysed by a hornet
             ... on level 11 of the Dungeon on Feb 28, 2021.
             The game lasted 00:11:41 (8252 turns).

pkoi the Grappler (Troll Monk)                      Turns: 8252, Time: 00:11:41

Health: -2/107     AC:  8    Str: 24    XL:     11   Next: 0%
Magic:  10/10      EV:  1    Int:  6    God:    Ru [*****.]
Gold:   438        SH:  0    Dex: 12    Spells: 10/10 levels left

rFire    + . .     SeeInvis .     - Unarmed
rCold    + . .     Faith    .   (shield unavailable)
rNeg     . . .     Spirit   .   C - +0 troll leather armour
rPois    .         Reflect  .   (helmet restricted)
rElec    .         Harm     .   q - scarf {rC+ rF+}
rCorr    .         Rampage  .   (gloves unavailable)
Will     .....                  (boots unavailable)
Stlth    +.........             w - amulet of regeneration
HPRegen  1.47/turn              (ring unavailable)
MPRegen  0.12/turn              (no ring)

@: paralysed, lethally poisoned (-2 -> -19), slowed
A: large, unfitting armour, claws 3, regeneration 1, shaggy fur 1, tough skin 3,
missing a hand, no conjurations magic, no hexes magic, no ice magic, unskilled 1
a: Renounce Religion, Draw Out Power, Power Leap, Apocalypse


You were on level 11 of the Dungeon.
You worshipped Ru.
Ru was extremely pleased with you.
You visited 1 branch of the dungeon, and saw 10 of its levels.

You collected 438 gold pieces.

Inventory:

Missiles
 f - 68 poisoned darts (quivered)
 j - 3 silver javelins
 l - 16 boomerangs
Armour
 a - a +1 robe
 q - a scarf of resistance (worn)
 y - +0 steam dragon scales
 C - a +0 troll leather armour (worn)
Jewellery
 b - an uncursed ring of positive energy
 d - a cursed ring of ice {unknown}
 i - an uncursed ring of see invisible {unknown}
 t - an uncursed ring of willpower {unknown}
 w - an amulet of regeneration (around neck)
 x - a cursed ring of attention {unknown}
Wands
 k - a wand of disintegration (15)
Scrolls
 g - 2 scrolls of enchant weapon
 n - 2 scrolls of enchant armour
 o - 4 scrolls of fear
 p - a scroll of blinking
 r - a scroll of teleportation
 u - 3 scrolls of identify
 B - a scroll of immolation {unknown}
Potions
 c - a potion of berserk rage {unknown}
 e - a potion of ambrosia
 h - a potion of degeneration {unknown}
 m - 4 potions of curing {unknown}
 s - a potion of invisibility {unknown}
 v - a potion of brilliance {unknown}
 z - a potion of magic {unknown}


   Skills:
 + Level 6.9 Fighting
 + Level 4.3 Throwing
 + Level 6.9 Dodging
 - Level 0.9 Stealth
 + Level 10.2 Unarmed Combat


You had 10 spell levels left.
You didn't know any spells.
Your spell library contained the following spells:

 Spells                   Type           Power        Failure   Level
 Animate Skeleton         Necr           0%           50%         1
 Pain                     Necr           0%           50%         1
 Sandblast                Erth           0%           50%         1
 Summon Small Mammal      Summ           0%           50%         1
 Call Imp                 Summ           0%           65%         2
 Passwall                 Tmut/Erth      0%           65%         2
 Swiftness                Air            0%           65%         2
 Call Canine Familiar     Summ           0%           86%         3
 Gell's Gravitas          Tloc           0%           86%         3
 Vampiric Draining        Necr           0%           86%         3
 Airstrike                Air            0%           99%         4
 Animate Dead             Necr           0%           99%         4
 Petrify                  Tmut/Erth      0%           99%         4
 Summon Lightning Spire   Summ/Air       0%           99%         4
 Agony                    Necr           0%           100%        5
 Lee's Rapid Deconstruct  Erth           0%           100%        5
 Corona                   Hex            Unusable     N/A         1
 Shock                    Conj/Air       Unusable     N/A         1
 Ensorcelled Hibernation  Hex/Ice        Unusable     N/A         2
 Confusing Touch          Hex            Unusable     N/A         3
 Dazzling Flash           Conj/Hex       Unusable     N/A         3
 Static Discharge         Conj/Air       Unusable     N/A         3
 Stone Arrow              Conj/Erth      Unusable     N/A         3
 Summon Guardian Golem    Hex/Summ       Unusable     N/A         3
 Tukima's Dance           Hex            Unusable     N/A         3
 Summon Ice Beast         Ice/Summ       Unusable     N/A         4
 Lightning Bolt           Conj/Air       Unusable     N/A         5
 Metabolic Englaciation   Hex/Ice        Unusable     N/A         5
 Yara's Violent Unravell  Hex/Tmut       Unusable     N/A         5

Dungeon Overview and Level Annotations

Branches:
Dungeon (9/15)             Temple (0/1) D:4            Lair (0/6) D:9
    Orc: D:9-12

Altars:
Dithmenos
Elyvilon
Fedhas
Gozag
Hepliaklqana
Kikubaaqudgha
Ru
Sif Muna
Uskayaw
Vehumet
Wu Jian
Xom
Zin

Shops:
D:6 =


Innate Abilities, Weirdness & Mutations

You are too large for most types of armour.
You have claws for hands.
Your natural rate of healing is unusually fast.
You are covered in fur. (AC +1)
You have extremely tough skin. (AC +3)
You are missing a hand.
You cannot study or cast Conjurations magic.
You cannot study or cast Hexes magic.
You cannot study or cast Ice magic.
You are somewhat unskilled. (-1 Apt)


Message History

The adder is stunned by your conviction and fails to attack.
The water moccasin bites you.
You are more poisoned.
The water moccasin poisons you! The adder bites you but does no damage.
The hornet stings you!
* * * LOW HITPOINT WARNING * * *
You feel yourself slow down.
You feel very sick. The water moccasin bites you.
* * * LOW HITPOINT WARNING * * *
You focus your inner power and blind the water moccasin in retribution!
The adder bites you but does no damage. The hornet stings you!
* * * LOW HITPOINT WARNING * * *
You feel as though you will be slow longer.
The water moccasin bites you.
* * * LOW HITPOINT WARNING * * *
The adder bites you.
* * * LOW HITPOINT WARNING * * *
The hornet stings you!
You die...

#....# ....#####
#.......#
#.......#
#.......#
#.......#
#.SSy...###
######..@.......
#......######...
#......†....#
#......#....+
#......#....#
########'####
#....# #....#
#....#


You could see a hornet (corona), a water moccasin (blind) and an adder.

Vanquished Creatures
  A boulder beetle (D:7)
  A two-headed ogre (D:8)
  Pikel (D:7)
  Psyche (D:8)
  Maggie (D:8)
  A troll (D:9)
  2 wyverns (D:9)
  6 yaks (D:9)
  4 water moccasins (D:9)
  4 orc warriors
  3 ice beasts
  A black bear (D:6)
  A sky beast (D:5)
  5 ogres
  7 centaurs
  8 bullfrogs
  A water moccasin zombie (D:6)
  A scorpion (D:7)
  5 howler monkeys
  An electric eel (D:8)
  A bullfrog zombie (D:8)
  2 centaur zombies
  5 hounds
  Crazy Yiuf (D:6)
  5 orc priests
  3 orc wizards
  Ijyb (D:3)
  Jessica (D:2)
  Natasha (twice) (D:3)
  4 iguanas
  4 worker ants
  2 hound skeletons
  5 adders
  6 gnolls
  2 shadow imps
  A white imp (D:7)
  2 ufetubi
  3 oozes
  An adder zombie (D:5)
  An adder skeleton (D:5)
  2 worms
  A dart slug (D:1)
  4 leopard geckos
  26 orcs
  8 giant cockroaches
  8 hobgoblins
  13 jackals
  4 quokkas
  2 ball pythons
  6 bats
  6 frilled lizards
  4 goblins
  12 kobolds
  A leopard gecko zombie (D:5)
  A quokka zombie (D:8)
  5 rats
210 creatures vanquished.

Vanquished Creatures (others)
  A rat (D:2)
  A fungus (D:9)
  15 plants (D:9)
17 creatures vanquished.

Grand Total: 227 creatures vanquished

Notes
Turn   | Place    | Note
-------+----------+-------------------------------------------
     0 | D:1      | pkoi the Troll Monk began the quest for the Orb.
     0 | D:1      | Reached XP level 1. HP: 22/22 MP: 0/0
   167 | D:1      | Reached XP level 2. HP: 29/29 MP: 1/1
   474 | D:1      | Reached skill level 4 in Unarmed Combat
  1115 | D:2      | Found a sacrificial altar of Ru.
  1152 | D:2      | Reached XP level 3. HP: 35/36 MP: 2/2
  1211 | D:2      | Found a radiant altar of Vehumet.
  1327 | D:2      | Found a white marble altar of Elyvilon.
  1342 | D:2      | Noticed Jessica
  1345 | D:2      | Killed Jessica
  1346 | D:2      | Reached XP level 4. HP: 44/44 MP: 3/3
  1481 | D:2      | Found a faded altar of an unknown god.
  1623 | D:2      | Reached skill level 5 in Unarmed Combat
  1652 | D:2      | Found a blossoming altar of Fedhas.
  1652 | D:2      | Found a shimmering blue altar of Sif Muna.
  1652 | D:2      | Found an ancient bone altar of Kikubaaqudgha.
  1654 | D:2      | Found a glowing silver altar of Zin.
  2117 | D:2      | Became a worshipper of Ru the Awakened
  2127 | D:2      | Gained mutation: You are missing a hand. [Ru sacrifice]
  2127 | D:2      | Reached * piety under Ru
  2127 | D:2      | Reached ** piety under Ru
  2127 | D:2      | Reached *** piety under Ru
  2526 | D:3      | Reached XP level 5. HP: 50/50 MP: 4/4
  2629 | D:3      | Noticed Ijyb
  2648 | D:3      | Killed Ijyb
  2649 | D:3      | Reached skill level 6 in Unarmed Combat
  2950 | D:4      | Found a staircase to the Ecumenical Temple.
  2986 | D:4      | Noticed Natasha
  3178 | D:3      | Killed Natasha
  3304 | D:3      | Noticed Natasha
  3310 | D:3      | Killed Natasha
  3414 | D:4      | Reached XP level 6. HP: 18/59 MP: 5/5
  3486 | D:4      | Reached skill level 7 in Unarmed Combat
  3738 | D:4      | Reached XP level 7. HP: 53/66 MP: 6/6
  3769 | D:4      | Found an ornate altar of the Wu Jian Council.
  3985 | D:5      | Entered Level 5 of the Dungeon
  4003 | D:5      | Found a shimmering altar of Xom.
  4004 | D:5      | Found a hazy altar of Hepliaklqana.
  4005 | D:5      | Noticed a spectral ugly thing
  4275 | D:5      | Reached skill level 8 in Unarmed Combat
  4366 | D:5      | Reached XP level 8. HP: 41/78 MP: 7/7
  4534 | D:5      | Gained mutation: You cannot study or cast Ice magic. [Ru
                  | sacrifice]
  4534 | D:5      | Gained mutation: You cannot study or cast Hexes magic. [Ru
                  | sacrifice]
  4534 | D:5      | Gained mutation: You cannot study or cast Conjurations
                  | magic. [Ru sacrifice]
  4534 | D:5      | Reached **** piety under Ru
  4563 | D:6      | Found Lesagiaw's Jewellery Emporium.
  4573 | D:6      | Found a shadowy altar of Dithmenos.
  5319 | D:6      | Found an opulent altar of Gozag.
  5319 | D:6      | Found a hide-covered altar of Uskayaw.
  5442 | D:6      | Found a runed translucent door.
  5443 | D:6      | Noticed Crazy Yiuf
  5618 | D:6      | Killed Crazy Yiuf
  5862 | D:7      | Noticed Pikel
  5880 | D:7      | Killed Pikel
  5881 | D:7      | Reached skill level 5 in Fighting
  5881 | D:7      | Reached skill level 5 in Dodging
  5881 | D:7      | Reached skill level 9 in Unarmed Combat
  5881 | D:7      | Reached XP level 9. HP: 77/88 MP: 8/8
  5969 | D:7      | Noticed a boulder beetle
  5979 | D:7      | Killed a boulder beetle
  6359 | D:7      | Reached skill level 1 in Throwing
  6603 | D:8      | Noticed Psyche
  6614 | D:8      | Reached skill level 10 in Unarmed Combat
  6618 | D:8      | Killed Psyche
  6663 | D:8      | Noticed a two-headed ogre
  6998 | D:8      | Reached XP level 10. HP: 39/100 MP: 9/9
  7395 | D:8      | Noticed Maggie
  7408 | D:8      | Killed Maggie
  7497 | D:8      | Noticed a two-headed ogre
  7507 | D:8      | Killed a two-headed ogre
  7518 | D:8      | Gained mutation: You are somewhat unskilled. (-1 Apt) [Ru
                  | sacrifice]
  7518 | D:8      | Reduced skill Unarmed Combat to level 9
  7518 | D:8      | Reached ***** piety under Ru
  8087 | D:9      | Found a staircase to the Lair.
  8116 | D:9      | Reached skill level 10 in Unarmed Combat
  8213 | D:9      | You fall into a shaft and drop 2 floors!
  8237 | D:11     | Reached XP level 11. HP: 105/107 MP: 10/10
  8244 | D:11     | Paralysed by a hornet for 2 turns
  8251 | D:11     | Paralysed by a hornet for 2 turns
  8252 | D:11     | Slain by a hornet

Illustrated notes

Levels and vault maps discovered:
D:1:      psy_arrival_radial02, layout_loops_ring
D:2:      layout_loops_corners, overflow_temple_1_default, fiery_altar_vehumet,
          minitemple, nicolae_ru_awakened_eye, chequers_ecumenical_altar_island,
          uniq_jessica
D:3:      layout_rooms, amethyst_killhole, minmay_splitting_lines, st_stairs_13,
          grunt_decor_one_mirror, corner_web_ring, uniq_ijyb
D:4:      wander_river, layout_basic, marbit_many_paths, temple_doors_e,
          chequers_serial_rivers_micro_e, uniq_natasha
D:5:      layout_rooms, regret_index_temple_of_mockery
D:6:      layout_loops_ring, gammafunk_temple_overflow_elements,
          grunt_dithmenos_smoke, serial_shops, shop, uniq_crazy_yiuf_cottage
D:7:      layout_loops_cross, minmay_three_doors, uniq_pikel
D:8:      layout_basic, uniq_maggie, uniq_psyche
D:9:      layout_roguey, minmay_lair_entry_grove
D:11:     layout_gridville, gauntlet_entry_generic, basic_altar, serial_shops,
          shop, uniq_fannar, uniq_urug, uniq_harold

Skill      XL: |  1  2  3  4  5  6  7  8  9 10 |
---------------+-------------------------------+-----
Unarmed Combat | 4 5 6 7 8 9 10 10 | 10.2
Fighting       | 4 5 6 6 |  6.9
Dodging        | 4 5 6 6 |  6.9
Throwing       | 2 4 |  4.3
Stealth        | 0 |  0.9

Action                   |  1- 3 |  4- 6 |  7- 9 | 10-12 || total
-------------------------+-------+-------+-------+-------++-------
Melee: Unarmed           |    69 |   135 |   263 |   180 ||   647
       Punch             |     1 |       |       |       ||     1
Throw: Dart              |       |       |       |     6 ||     6
Invok: Sacrifice a Hand  |       |     1 |       |       ||     1
       Sacrifice Arcana  |       |       |     1 |       ||     1
       Sacrifice Skill   |       |       |       |     1 ||     1
  Use: Scroll            |       |     7 |     2 |     2 ||    11
 Stab: Sleeping          |     4 |     2 |     3 |     2 ||    11
       Distracted        |       |     1 |       |     1 ||     2
Armor: Robe              |    15 |    35 |    72 |    13 ||   135
       Steam dragon scal |       |       |       |    36 ||    36
       Troll leather arm |       |       |       |     5 ||     5
Dodge: Dodged            |    35 |    57 |   131 |   115 ||   338
